Map: Abyssal Reef LE

Players

PtitDrogo

  • Race: Protoss Protoss
  • Spawn Location: 11:00

TRUE - Winner!

  • Race: Zerg Zerg
  • Spawn Location: 5:00

Event: WCS Valencia 2017

VOD

Have the link to the VOD?

Description

Time

  • Played on: July 14, 2017, 7:17 a.m.
  • Length: 7:05

All games in this series

Show
View Real Time Build Order
Export as new Build Order

PtitDrogo Protoss 

Build Orders: 1 Gate Expand, Oracle Opening 

Get SALT Encoding   

  12  0:01  Probe (Chrono Boost)  
  13  0:11  Probe (Chrono Boost)  
  14  0:19  Pylon  
  14  0:22  Probe (Chrono Boost)  
  15  0:37  Probe (Chrono Boost)  
  15  0:40  Gateway  
  16  0:47  Probe (Chrono Boost)  
  16  0:49  Assimilator  
  17  0:58  Probe (Chrono Boost)  
  18  1:08  Probe (Chrono Boost)  
  19  1:22  Nexus  
  20  1:25  Probe (Chrono Boost)  
  20  1:34  Cybernetics Core  
  20  1:37  Probe (Chrono Boost)  
  21  1:45  Assimilator  
  21  1:48  Probe (Chrono Boost)  
  21  1:51  Pylon  
  22  1:58  Probe (Chrono Boost)  
  23  2:09  Probe (Chrono Boost)  
  23  2:11  Adept (Chrono Boost)  
  23  2:12  Warp Gate  
  26  2:22  Probe  
  27  2:33  Probe  
  27  2:34  Probe  
  29  2:37  Stargate  
  29  2:43  Probe  
  31  2:46  Probe  
  31  2:48  Stalker (Chrono Boost)  
  33  2:54  Probe  
  33  2:58  Probe  
  35  3:04  Probe  
  35  3:10  Probe (Chrono Boost)  
  37  3:14  Adept (Chrono Boost)  
  37  3:16  Probe (Chrono Boost)  
  40  3:21  Probe (Chrono Boost), Oracle (Chrono Boost)  
  40  3:24  Gateway  
  40  3:25  Probe  
  44  3:27  Pylon  
  44  3:33  Probe  
  46  3:37  Twilight Council  
  46  3:43  Probe, Gateway  
  46  3:46  Probe  
  48  3:53  Pylon  
  48  3:54  Probe  
  48  3:58  Probe  
  50  4:08  Nexus  
  51  4:11  Pylon  
  51  4:12  Probe  
  51  4:13  Probe  
  51  4:14  Resonating Glaives (Chrono Boost)  
  52  4:24  Probe  
  52  4:25  Adept x2  
  52  4:27  Probe  
  52  4:30  Pylon  
  58  4:37  Probe x2  
  58  4:38  Assimilator  
  59  4:40  Assimilator  
  60  4:47  Adept x3  
  60  4:50  Probe, Pylon  
  67  4:58  Probe  
  64  5:06  Probe  
  62  5:08  Probe  
  62  5:09  Adept x3  
  69  5:17  Forge  
  69  5:18  Probe  
  69  5:19  Probe  
  69  5:20  Mothership Core  
  72  5:25  Robotics Facility  
  73  5:33  Adept x3  
  73  5:35  Probe  
  79  5:36  Probe  
  79  5:39  Probe  
  82  5:45  Probe  
  82  5:48  Probe  
  76  5:50  Probe  
  76  5:54  Adept x3  
  75  6:05  Gateway  
  75  6:06  Gateway  
  75  6:07  Gateway  
  75  6:09  Probe  
  70  6:16  Zealot x3  
  70  6:17  Photon Cannon  
  73  6:24  Mothership Core  
  71  6:28  Pylon  
  71  6:29  Pylon  
  69  6:35  Pylon  
  69  6:38  Photon Cannon  
  63  6:49  Zealot x3  
Show
View Real Time Build Order
Export as new Build Order

TRUE Zerg - Winner!

Build Orders: Hatch First 

Get SALT Encoding   

  12  0:00  Drone  
  13  0:12  Overlord  
  13  0:16  Drone  
  14  0:30  Drone x2  
  16  0:49  Hatchery  
  15  0:53  Drone  
  16  1:00  Drone  
  17  1:06  Extractor  
  16  1:13  Spawning Pool  
  16  1:16  Drone  
  16  1:20  Drone  
  16  1:23  Drone  
  18  1:28  Drone  
  19  1:38  Overlord  
  19  2:00  Queen  
  21  2:02  Drone x2  
  21  2:03  Queen  
  25  2:09  Metabolic Boost  
  25  2:14  Zergling x2  
  26  2:16  Drone  
  26  2:20  Drone  
  28  2:23  Drone  
  28  2:26  Drone  
  30  2:37  Drone x2  
  32  2:47  Hatchery  
  31  2:53  Queen  
  31  2:57  Drone  
  34  2:59  Overlord  
  34  3:02  Drone  
  34  3:04  Drone  
  36  3:12  Spore Crawler  
  35  3:13  Drone  
  35  3:19  Drone x5  
  43  3:20  Drone  
  43  3:30  Evolution Chamber, Queen  
  43  3:32  Overlord  
  44  3:36  Overlord  
  44  3:40  Overlord  
  44  3:54  Queen  
  46  3:55  Drone  
  46  3:56  Zerg Melee Weapons Level 1, Drone x3  
  46  3:57  Drone  
  46  3:59  Drone  
  52  4:03  Queen  
  52  4:08  Queen  
  56  4:12  Drone x2  
  56  4:13  Drone  
  59  4:18  Drone x3  
  59  4:23  Drone x3  
  62  4:30  Pneumatized Carapace  
  62  4:31  Zergling x4  
  62  4:32  Zergling x4  
  62  4:35  Overlord  
  66  4:43  Overlord  
  66  4:47  Overlord  
  66  4:55  Queen  
  66  4:57  Queen  
  66  4:58  Zergling x8  
  71  5:06  Zergling x6  
  71  5:07  Zergling x2  
  75  5:08  Zergling x2  
  76  5:16  Zergling x14  
  76  5:18  Zergling x2  
  84  5:22  Zergling x2  
  84  5:28  Queen  
  87  5:29  Zergling x4  
  87  5:31  Queen  
  89  5:36  Zergling x2  
  89  5:37  Overlord  
  88  5:43  Zergling x2  
  88  5:44  Zergling x4  
  88  5:45  Zergling x4  
  88  5:46  Zergling x4  
  88  5:47  Zergling x2  
  88  5:48  Overlord  
  88  5:49  Zergling x8  
  89  5:54  Overlord  
  89  5:55  Overlord  
  89  5:56  Zergling x2  
  90  5:57  Zergling x4  
  90  6:01  Zergling x2  
  93  6:08  Zergling x4  
  91  6:12  Zergling x2  
  92  6:18  Zergling x2  
  92  6:22  Zergling x4  
  89  6:25  Zergling x2  
  89  6:26  Zergling x2  
  89  6:28  Zergling x6  
  89  6:29  Zergling x4  
  89  6:31  Zergling x2  
  96  6:36  Zergling x2  
Tags
 
Add a new tag
Caveats
  • Supply blocks, unpowered buildings, or Contaminate may cause inaccurate times.
  • Supply counts are checked every 10 seconds.